 Dungeon Crawl Stone Soup version 0.28-a0-664-gc179e30c89 (webtiles) character file.

Game seed: 17234700520125660216

0 spiderkeys the Skirmisher (level 1, 0/19 HPs)
             Began as a Draconian Abyssal Knight on Oct 15, 2021.
             Was a Follower of Lugonu.
             Slain by a jackal (2 damage)
             ... on level 1 of the Dungeon.
             The game lasted 00:01:17 (488 turns).

spiderkeys the Skirmisher (Draconian Abyssal Knight) Turns: 488, Time: 00:01:17

Health: 0/19       AC:  4    Str: 15    XL:     1   Next: 0%
Magic:  2/2        EV: 12    Int: 10    God:    Lugonu [*.....]
Gold:   0          SH:  0    Dex: 11    Spells: 0/0 levels left

rFire   . . .      SeeInvis .   a - +1 spear
rCold   . . .      Faith    .   (no shield)
rNeg    . . .      Spirit   .   (armour unavailable)
rPois   .          Reflect  .   (helmet restricted)
rElec   .          Harm     .   (no cloak)
rCorr   .          Rampage  .   (no gloves)
Will    .....                   (no boots)
Stlth   +.........              (no amulet)
HPRegen 0.06/turn               (no ring)
MPRegen 0.08/turn               (no ring)

@: no status effects
A: AC +4, unfitting armour, cold-blooded
a: Renounce Religion, Depart the Abyss


You were on level 1 of the Dungeon.
You worshipped Lugonu.
Lugonu was aware of your devotion.
You visited 1 branch of the dungeon, and saw 1 of its levels.
You visited the Abyss 1 time.


Innate Abilities, Weirdness & Mutations

Your plain brown scales are hard. (AC +4)
You cannot fit into any form of body armour.
You are cold-blooded and may be slowed by cold attacks.


   Skills:
 + Level 3.2 Fighting
 + Level 2.0 Polearms
 + Level 2.1 Dodging
 + Level 2.0 Invocations


You couldn't memorise any spells.
You didn't know any spells.
Your spell library was empty.

Inventory:

Hand Weapons
 a - a +1 spear (weapon)

Dungeon Overview and Level Annotations

Branches:
Dungeon (1/15)

Altars:

#..........
#..........
#..........
#).........
#..........
#..........
#.l.....# ###h.....#
##### ####.@hb....#
≈≈≈≈.###...h.h.....#
≈≈....8............#
≈≈≈................#
≈≈≈≈.............###
≈≈.≈.............#
≈≈≈.............##
≈≈≈.≈....8......#
≈≈≈.≈≈..........#


You could see 4 jackals, a bat and a frilled lizard.


Message History

As you read the scroll labelled EDITYTR ESIHY, it crumbles to dust.
You assume a fearsome visage.
The ancient zyme is unaffected.
It was a scroll of fear.
You are suddenly pulled into a different region of the Abyss!
A glowing orange brain comes into view.
The glowing orange brain turns its attention towards you.
The glowing orange brain pulsates.
The glowing orange brain radiates an aura of fear!
You are terrified of the glowing orange brain!
You are no longer terrified.
You reach to attack!
You barely miss the glowing orange brain.
You hit the glowing orange brain but do no damage.
You barely miss the glowing orange brain.
You hit the glowing orange brain.
The glowing orange brain pulsates.
Tentacles burst from the starspawn's body!
The smoke demon gestures at you. The sticky flame hits you!
You are covered in liquid flames! 2 starspawn tentacles come into view. 😮 HP[-7]
You take 7 damage, and now have 12/19 hp.
MASSIVE DAMAGE!! (PAUSE)
You are covered in liquid flames! 😮 HP[-2]
You take 2 damage, and now have 10/19 hp.
You are covered in liquid flames!
* * * LOW HITPOINT WARNING * * *
You are no longer on fire. 😨 HP[-5]
You take 5 damage, and now have 5/19 hp.
MASSIVE DAMAGE!! (PAUSE)
Found a gateway leading out of the Abyss.
The glowing orange brain pulsates.
Something tries to feed on your intellect!
There is a gateway leading out of the Abyss here.
You pass through the gate.
There is a staircase leading out of the dungeon here.
A frilled lizard and a jackal come into view.
The frilled lizard hisses angrily.
You hear a bark!
A jackal comes into view. 😎 HP[+14]
Your hp is fully restored (19).
A jackal comes into view.
The jackal barks! x2
A jackal comes into view.
A bat comes into view.
You hit the jackal. The jackal bites you. 😕 HP[-1]
You take 1 damage, and now have 18/19 hp.
You hit the jackal but do no damage. The jackal closely misses you.
The jackal barely misses you. The frilled lizard barely misses you.
The jackal bites you but does no damage.
You closely miss the jackal.
Your tail-slap misses the jackal.
The jackal bites you. x2; The bat barely misses you.
The jackal bites you but does no damage.
The frilled lizard bites you. 😮 HP[-7]
You take 7 damage, and now have 11/19 hp.
MASSIVE DAMAGE!! (PAUSE)
The bat closely misses you. The jackal barely misses you.
The bat hits you. 😮 HP[-1]
You take 1 damage, and now have 10/19 hp.
You hit the bat. The bat misses you. 😮 HP[+1]
The bat hits you but does no damage. The jackal barely misses you.
The jackal closely misses you. The jackal barely misses you.
You barely miss the jackal. The jackal misses you.
The jackal bites you but does no damage.
The jackal bites you.
* * * LOW HITPOINT WARNING * * *
The jackal bites you.
* * * LOW HITPOINT WARNING * * *
The jackal barely misses you. The jackal bites you.
* * * LOW HITPOINT WARNING * * *
😨 HP[-6]
You take 6 damage, and now have 5/19 hp.
MASSIVE DAMAGE!! (PAUSE)
You hit the jackal.
The jackal bites you but does no damage.
The jackal bites you.
* * * LOW HITPOINT WARNING * * *
The jackal bites you.
* * * LOW HITPOINT WARNING * * *
The jackal misses you. 😱 HP[-3]
You take 3 damage, and now have 2/19 hp.
You barely miss the jackal. The jackal barely misses you.
The jackal closely misses you.
The jackal bites you but does no damage. x2
The jackal barely misses you.
The jackal bites you but does no damage.
The jackal barely misses you. The jackal closely misses you.
You hit the jackal but do no damage.
The jackal bites you but does no damage.
The jackal bites you.
You die...

Action                   || total
-------------------------++-------
Melee: Spear             ||    12
  Use: Scroll            ||     1
Armor: Skin              ||     9
Dodge: Dodged            ||    18

Levels and vault maps discovered:
D:1:      nicolae_arrival_washed_ashore, layout_rooms,
          shapermc_ecumenical_altar_notcrosses, chequers_garden, minmay_cupped

Notes
Turn   | Place    | Note
-------+----------+-------------------------------------------
     0 | Abyss:1  | spiderkeys the Draconian Abyssal Knight began the quest for
                  | the Orb.
     0 | Abyss:1  | Reached XP level 1. HP: 19/19 MP: 2/2
     0 | Abyss:1  | magus.rc [v1.9.10]
    52 | Abyss:1  | Noticed a will-o-the-wisp
   157 | Abyss:1  | Noticed a large abomination
   159 | Abyss:1  | Noticed a large abomination
   197 | Abyss:2  | Noticed an ancient zyme
   228 | Abyss:2  | Noticed a glowing orange brain
   237 | Abyss:2  | Noticed an apocalypse crab
   237 | Abyss:2  | Noticed a tentacled starspawn
   237 | Abyss:2  | Noticed a smoke demon
   244 | D:1      | You pass through the gate.
   244 | D:1      | Escaped the Abyss
   486 | D:1      | HP: 3/19 [jackal (2)]
   488 | D:1      | Slain by a jackal

Vanquished Creatures (others)
  2 starspawn tentacles (Abyss:2)
2 creatures vanquished.

Table legend:
 A = Non-vault XP
 B = Vault XP
 C = Vault XP percentage of total XP
 D = Non-vault monster count
 E = Vault monster count
 F = Vault count percentage of total count
                 A         B        C        D         E       F
            +---------+---------+-------+---------+---------+-------
      Total |       0 |       0 |   N/A |       0 |       0 |  -nan
            +---------+---------+-------+---------+---------+-------
            +---------+---------+-------+---------+---------+-------

Illustrated notes

Table legend: (Time is in decaauts)
 A = Elapsed time spent in this place.
 B = Non-inter-level travel time spent in this place.
 C = Inter-level travel time spent in this place.
 D = Time resting spent in this place.
 E = Time spent auto-exploring this place.
 F = Levels seen in this place.
 G = Mean time per level.
                   A        B        C        D        E       F      G
               +--------+--------+--------+--------+--------+-----+--------+
         Total |    487 |    487 |      0 |    100 |    318 |   3 |  162.3 |
       Dungeon |    243 |    243 |      0 |      0 |    230 |   1 |  243.0 |
         Abyss |    243 |    243 |      0 |    100 |     88 |   2 |  121.5 |
               +--------+--------+--------+--------+--------+-----+--------+

Top non-repeatable levels by time:
     D:1: 243 daAuts
 Abyss:1: 175 daAuts
 Abyss:2: 68 daAuts
